[Event "Late-Titled-Tuesday-Blitz-May-07-2024"]
[Site "Chess.com"]
[Date "2024.05.07"]
[Round "3"]
[White "ameetghasi100"]
[Black "Msb2"]
[Result "1/2-1/2"]
[WhiteElo "2806"]
[BlackElo "3044"]
[TimeControl "180+1"]
[EndTime "14:30:59 PDT"]
[Termination "Game drawn by 50-move rule"]

1. c4 e6 2. e3 d5 3. Nf3 Nf6 4. Nc3 Bd6 5. b3 O-O 6. Bb2 c5 7. cxd5 exd5 8. d4 Nc6 9. dxc5 Bxc5 10.
a3 a6 11. Be2 Bg4 12. O-O Qd6 13. h3 Bh5 14. Na4 Ba7 15. Bxf6 Qxf6 16. Qxd5 Bg6 17. Qg5 Qxg5 18. Nxg5 Rfd8 19. Nf3 Bc2 20. Bd1 Rxd1 21. Rfxd1 Bxb3 22. Nc3 Bxd1 23. Rxd1 Rd8 24. Rxd8+ Nxd8 25. a4 Kf8 26. Kf1 Ne6 27. Ke2 Bb6 28. Ne5 Ba5 29. Nd5 Nc5 30. Nc4 Bd8 31. a5 Nb3 32. Kd3 Nxa5 33.
Nd6 b5 34. e4 Nc6 35. f4 g6 36.
e5 Be7 37. Nc7 Nb8 38. Nb7 Bh4 39. Nc5 Bg3 40. Ke3 b4 41. Nb3 Bh4 42. Nd5 Nc6 43. Kd3 a5 44. Nb6 Bd8 45. Na4 Bh4 46. Ke4 Ke8 47.
Kd5 Ne7+ 48. Ke4 Nc6 49. g4 Nd8 50. f5 gxf5+ 51. gxf5 Nc6 52. Kd5 Ne7+ 53. Ke4 Bg3 54. Nxa5 h5 55. Nc5 Nc8 56. Nd3 Nb6 57. Nxb4 Be1 58. Nac6 Nc4 59. Nd5 Bg3 60. Nf6+ Kf8 61. Kd4 Nd2 62. Nxh5 Bh2 63. Kd5 Nf3 64. Ke4 Ng5+ 65.
Kd5 Nxh3 66. e6 fxe6+ 67. fxe6 Nf4+ 68. Nxf4 Bxf4 69. Ke4 Bg5 70. Kf5 Bh4 71. Ne5 Ke8 72. Ng6 Bd8 73. Ke5 Bg5 74. Kd6 Bd8 75. Kd5 Bf6 76.
Ke4 Bg5 77. Kf5 Bd8 78. Ne5 Bh4 79. Nc4 Ke7 80. Ne3 Ke8 81. Ke5 Bg5 82. Nf5 Bd8 83.
Kd6 Bf6 84. Kd5 Bg5 85. Nd6+ Ke7 86. Ne4 Bh4 87. Nd6 Kf8 88. Nf5 Bg5 89. Kd6 Ke8 90.
Ng7+ Kf8 91. Nf5 Ke8 92. Ke5 Bd8 93. Nd6+ Ke7 94. Nf7 Bc7+ 95. Kf5 Ba5 96. Ne5 Ke8 97.
Nc6 Bc7 98. Kf6 Bd6 99. Nd4 Ba3 100. Nf5 Bb2+ 101. Kg6 Ba3 102. Kg5 Bc1+ 103. Kg4 Ba3 104. Kf3 Bb2 105. Ke4 Ba3 106. Kd5 Bb4 107. Ke5 Ba3 108. Kf6 Bb2+ 109. Kg5 Ba3 110. Kf4 Bb4 111. Ke4 Ba3 112. Kd5 Bb4 113. Nd6+ Ke7 114. Nc8+ Ke8 115. Na7 Ba3 116. Nc6 Bf8 117. Ke5 Ba3 118. Kf6 Bb2+ 1/2-1/2

[Event "Late-Titled-Tuesday-Blitz-May-07-2024"]
[Site "Chess.com"]
[Date "2024.05.07"]
[Round "3"]
[White "GMKrikor"]
[Black "Hikaru"]
[Result "1/2-1/2"]
[WhiteElo "2843"]
[BlackElo "3212"]
[TimeControl "180+1"]
[EndTime "14:31:23 PDT"]
[Termination "Game drawn by repetition"]

1. Nf3 g6 2. c4 Bg7 3. e4 e5 4. d4 exd4 5. Nxd4 Nc6 6. Be3 Nf6 7.
Nc3 O-O 8. Be2 Re8 9. f3 Nh5 10. Qd2 f5 11. Nxc6 dxc6 12. Qxd8 Rxd8 13. exf5 Re8 14.
Kf2 gxf5 15. Rad1 Be6 16. Bd4 Nf4 17. Bxg7 Kxg7 18. b3 Ng6 19. Rhe1 h5 20. Bd3 h4 21. Bc2 Kf6 22. Rd2 Red8 23. Red1 Rxd2+ 24. Rxd2 a5 25. a4 Ne5 26. Ne2 Nd7 27. Nf4 Nc5 28. g3 hxg3+ 29. hxg3 Rh8 30. Kg2 Bf7 31. Kg1 Rg8 32.
Kf2 Rb8 33. g4 fxg4 34. fxg4 Rh8 35. Kg3 Rh1 36. Rf2 Kg7 37. g5 Ne6 38. Nxe6+ Bxe6 39. Rh2 Rg1+ 40. Kf2 Rc1 41. Ke3 Bg8 42. Kd2 Rg1 43. Re2 Kf8 44. Re5 Bf7 45. Rxa5 Rg2+ 46.
Kc3 Ke7 47. Ra7 Kd6 48. Rxb7 Rxg5 49. Rb8 Rg3+ 50. Kb2 Rg2 51. Kc3 Rg3+ 52. Kb2 Rg2 53. Rd8+ Ke7 54. Rd1 Bg6 55. Rc1 Kd7 56. Kc3 c5 57.
Bxg6 Rxg6 58. Rd1+ Kc6 59. Rd3 Kb6 60. Re3 Rh6 61. Rd3 Rg6 62. Rd5 Rh6 63. Re5 Rh3+ 64.
Kb2 Rh2+ 65. Ka3 Rh6 66. Rf5 Rg6 67. Rf3 c6 68. Rf8 Rg2 69. Rb8+ Ka7 70. Re8 Kb7 71.
Re7+ Kb6 72. Re3 Rh2 73. Re1 Rg2 74. Rb1 Ka5 75. Rb2 Rg3 76. Rd2 Kb6 77. Kb2 Rh3 78.
Rd8 Rh2+ 79. Ka3 Kc7 80. Rf8 Rh1 81. Rf7+ Kb6 82. Rf2 Ra1+ 83. Kb2 Rh1 84. Re2 Rh3 85. Rd2 Ka5 86. Rd8 Kb6 87. Rb8+ Kc7 88. Rf8 Kb6 89. Rb8+ Kc7 90. Rf8 Rg3 91. Ka3 Rg1 92. Rf5 Kb6 93. a5+ Kxa5 94. Rxc5+ Kb6 95. Rf5 Rg3 96. Kb4 Rh3 97.
Rg5 Rf3 98. Rh5 Rg3 99. Rh6 Rg5 100. Rf6 Rh5 101. Rf3 Rh4 102. Kc3 c5 103. Rf6+ Kb7 104. Rf5 Kb6 105. Rd5 Kc6 106. Rd3 Rh1 107. Rf3 Rh2 108. Re3 Kb6 109. Rf3 Kc6 110. Re3 Kc7 111. Rf3 Rg2 112. Rd3 Kb6 113. Rd6+ Kb7 114. Rd2 Rg3+ 115. Rd3 Rg7 116. Rd6 Kc7 117. Rd5 Rg3+ 118. Rd3 Rg2 119. Rd5 Kc6 120. Rd3 Rh2 121. Re3 1/2-1/2

[Event "Late-Titled-Tuesday-Blitz-May-07-2024"]
[Site "Chess.com"]
[Date "2024.05.07"]
[Round "4"]
[White "ACollins05"]
[Black "Lennis93"]
[Result "0-1"]
[WhiteElo "2531"]
[BlackElo "2722"]
[TimeControl "180+1"]
[EndTime "14:33:08 PDT"]
[Termination "Lennis93 won by resignation"]

1. Nf3 d5 2. e3 c6 3. b3 Nf6 4. Bb2 g6 5. d4 Bg7 6. c4 O-O 7. Nc3 Ne4 8. Nxe4 dxe4 9. Nd2 f5 10. Be2 c5 11. Nf1 Nc6 12. Ng3 Qa5+ 13. Qd2 Qxd2+ 14.
Kxd2 cxd4 15. exd4 Nxd4 16. Rhb1 Rd8 17. Ke1 Nc2+ 0-1

[Event "Late-Titled-Tuesday-Blitz-May-07-2024"]
[Site "Chess.com"]
[Date "2024.05.07"]
[Round "4"]
[White "NM_Koval"]
[Black "duone"]
[Result "0-1"]
[WhiteElo "2238"]
[BlackElo "2435"]
[TimeControl "180+1"]
[EndTime "14:33:28 PDT"]
[Termination "duone won by resignation"]

1. d4 Nf6 2. Nc3 d5 3. f3 e6 4. e4 c5 5. Bg5 cxd4 6. Qxd4 Nc6 7. Bb5 Be7 8. O-O-O Bd7 9. Qd2 d4 10.
Bxc6 dxc3 11. Bxd7+ Nxd7 12. Qxd7+ Qxd7 13. Rxd7 Bxg5+ 0-1

[Event "Late-Titled-Tuesday-Blitz-May-07-2024"]
[Site "Chess.com"]
[Date "2024.05.07"]
[Round "4"]
[White "lilylg"]
[Black "Vincefm"]
[Result "0-1"]
[WhiteElo "2246"]
[BlackElo "2500"]
[TimeControl "180+1"]
[EndTime "14:33:41 PDT"]
[Termination "Vincefm won by resignation"]

1. d4 Nf6 2. c4 c5 3. d5 b5 4. cxb5 a6 5. bxa6 g6 6. Nc3 Bg7 7. e4 O-O 8. Nf3 Qa5 9. Bd2 Bxa6 10. Bb5 Bxb5 11. a4 Ba6 12. e5 Ne8 13. Ne4 Qc7 14. Bc3 d6 0-1

[Event "Late-Titled-Tuesday-Blitz-May-07-2024"]
[Site "Chess.com"]
[Date "2024.05.07"]
[Round "4"]
[White "ATM622"]
[Black "Hirna2005"]
[Result "1-0"]
[WhiteElo "2524"]
[BlackElo "2326"]
[TimeControl "180+1"]
[EndTime "14:34:09 PDT"]
[Termination "ATM622 won by resignation"]

1. d4 g6 2. g3 Bg7 3. Nf3 d6 4. Bg2 Nf6 5. O-O O-O 6. c4 Bf5 7. Nc3 Qc8 8. Re1 Ne4 9. Nxe4 Bxe4 10. b3 c5 11. Bb2 Nc6 12. e3 Nb4 13. Re2 Qf5 14. Nh4 Bc2 15. Nxf5 Bxd1 16. Nxe7+ Kh8 17. Rxd1 Rfe8 18. Nd5 cxd4 19. Nxb4 1-0

[Event "Late-Titled-Tuesday-Blitz-May-07-2024"]
[Site "Chess.com"]
[Date "2024.05.07"]
[Round "4"]
[White "DeTimmerman"]
[Black "guillembaches"]
[Result "1-0"]
[WhiteElo "2759"]
[BlackElo "2566"]
[TimeControl "180+1"]
[EndTime "14:34:11 PDT"]
[Termination "DeTimmerman won by resignation"]

1. b4 e5 2. Bb2 Bxb4 3. Bxe5 Nf6 4. Nc3 O-O 5. Bxf6 Qxf6 6. Nd5 Qd6 7. c4 Ba5 8. e3 c6 9. Nf4 Re8 10. Be2 Na6 11. Nf3 Qe6 12. Nxe6 1-0

[Event "Late-Titled-Tuesday-Blitz-May-07-2024"]
[Site "Chess.com"]
[Date "2024.05.07"]
[Round "4"]
[White "Axf7"]
[Black "Caterpiller35"]
[Result "1-0"]
[WhiteElo "2045"]
[BlackElo "2432"]
[TimeControl "180+1"]
[EndTime "14:34:30 PDT"]
[Termination "Axf7 won by resignation"]

1. e4 c5 2. Nf3 Nc6 3. d4 cxd4 4.
Nxd4 e5 5. Nb5 d6 6. N1c3 a6 7.
Na3 b5 8. Nd5 Nge7 9. c4 Nd4 10.
Be2 Nxd5 11. cxd5 Be7 12. O-O O-O 13. Nc2 Nxe2+ 14. Qxe2 f5 15. f3 Bg5 16. Nb4 fxe4 17. fxe4 Rxf1+ 18. Qxf1 Bd7 19. Qf2 Qa5 20. Bxg5 Qxb4 21.
Rf1 Qd4 22. Be3 1-0

[Event "Late-Titled-Tuesday-Blitz-May-07-2024"]
[Site "Chess.com"]
[Date "2024.05.07"]
[Round "4"]
[White "wild3000"]
[Black "MiguelBestard1981"]
[Result "1-0"]
[WhiteElo "2488"]
[BlackElo "2194"]
[TimeControl "180+1"]
[EndTime "14:34:36 PDT"]
[Termination "wild3000 won by resignation"]

1. e4 e5 2. Nf3 Nf6 3. Nc3 Bb4 4. d3 Nc6 5. Bd2 O-O 6. g3 Re8 7. Bg2 h6 8. O-O d5 9. Nxd5 Nxd5 10. exd5 Qxd5 11.
Nh4 Qa5 12. c3 Bf8 13. b4 Qb6 14. Be3 Qa6 15. a4 b5 16. axb5 Qxb5 17. c4 Qb6 18. Bxb6 cxb6 19. Bxc6 1-0

[Event "Late-Titled-Tuesday-Blitz-May-07-2024"]
[Site "Chess.com"]
[Date "2024.05.07"]
[Round "4"]
[White "Godzillator"]
[Black "jlf287"]
[Result "1-0"]
[WhiteElo "2355"]
[BlackElo "2512"]
[TimeControl "180+1"]
[EndTime "14:34:39 PDT"]
[Termination "Godzillator won by resignation"]

1. c4 e6 2. Nc3 d5 3. cxd5 exd5 4. d4 Nf6 5. Bg5 Bb4 6. e3 h6 7. Bh4 g5 8. Bg3 Ne4 9. Qc2 h5 10. f3 Nxg3 11. hxg3 c6 12. Bd3 Qe7 13. Kf2 Nd7 14. Nge2 Nf6 15. Rae1 Be6 16. a3 Bd6 17. b4 a5 18. b5 Bxa3 19. bxc6 bxc6 20. Na4 Rc8 21. Nb6 Rb8 22. Qxc6+ Bd7 23. Nxd7 Qxd7 24. Qxf6 1-0

[Event "Late-Titled-Tuesday-Blitz-May-07-2024"]
[Site "Chess.com"]
[Date "2024.05.07"]
[Round "4"]
[White "AungTZ"]
[Black "realburq"]
[Result "0-1"]
[WhiteElo "2091"]
[BlackElo "2344"]
[TimeControl "180+1"]
[EndTime "14:34:46 PDT"]
[Termination "realburq won by resignation"]

1. c4 e5 2. Nc3 Nf6 3. Nf3 Nc6 4. e3 Bb4 5. Qc2 O-O 6. Nd5 Bc5 7. Ng5 g6 8. h4 h6 9. Nf3 d6 10. a3 Bf5 11. d3 Re8 12. b4 Bb6 13. Bb2 Nxd5 14.
cxd5 Ne7 15. Qb3 a5 16. b5 a4 17. Qc3 Ba5 0-1

[Event "Late-Titled-Tuesday-Blitz-May-07-2024"]
[Site "Chess.com"]
[Date "2024.05.07"]
[Round "4"]
[White "Cipy77"]
[Black "shirovin"]
[Result "1-0"]
[WhiteElo "2644"]
[BlackElo "2098"]
[TimeControl "180+1"]
[EndTime "14:34:47 PDT"]
[Termination "Cipy77 won by resignation"]

1. b3 f5 2. Bb2 Nf6 3. c4 d6 4.
Nf3 e5 5. d4 e4 6. Nfd2 g6 7. e3 Bg7 8. Nc3 O-O 9. Be2 c6 10.
Qc2 Na6 11. a3 Be6 12. O-O d5 13. cxd5 cxd5 14. Bxa6 bxa6 15. Na4 Bd7 16. Nc5 Bb5 17. Ne6 Qc8 18. Qxc8 Rfxc8 19. Rfc1 Nd7 20. Nc7 Rab8 21. Nxd5 Bd3 22. Ne7+ Kf7 23. Nxc8 Rxb3 24. Nxb3 1-0

[Event "Late-Titled-Tuesday-Blitz-May-07-2024"]
[Site "Chess.com"]
[Date "2024.05.07"]
[Round "4"]
[White "ccccvhhhj"]
[Black "JosephRyan"]
[Result "1-0"]
[WhiteElo "2492"]
[BlackElo "2221"]
[TimeControl "180+1"]
[EndTime "14:35:12 PDT"]
[Termination "ccccvhhhj won by resignation"]

1. e4 e5 2. Nf3 Nc6 3. d4 exd4 4. Nxd4 Bc5 5. Nb3 Bb6 6. Nc3 d6 7. Qe2 a5 8. a4 Nge7 9. Be3 Bxe3 10. Qxe3 Be6 11.
O-O-O O-O 12. f3 Nb4 13. g4 Nec6 14. h4 Nxc2 15. Kxc2 Nb4+ 16. Kb1 Bxb3 17. Rd2 Qd7 18. h5 Bxa4 19. h6 g6 20. Bc4 Qe7 21. f4 Bd7 22.
Qd4 1-0

[Event "Late-Titled-Tuesday-Blitz-May-07-2024"]
[Site "Chess.com"]
[Date "2024.05.07"]
[Round "4"]
[White "m_ezat"]
[Black "ploxoi"]
[Result "1-0"]
[WhiteElo "2576"]
[BlackElo "2348"]
[TimeControl "180+1"]
[EndTime "14:35:15 PDT"]
[Termination "m_ezat won by resignation"]

1. d4 d5 2. c4 e6 3. Nc3 c6 4. e4 dxe4 5. Nxe4 Bb4+ 6. Bd2 Qxd4 7. Bxb4 Qxe4+ 8. Be2 Na6 9. Bf8 Qxg2 10. Qd6 Qg5 11.
Nf3 Qa5+ 12. b4 Nxb4 13. Qxb4 Qxb4+ 14. Bxb4 Nf6 15. Rg1 g6 16. Bc3 Ke7 17. O-O-O Re8 18. Bb4+ 1-0

[Event "Late-Titled-Tuesday-Blitz-May-07-2024"]
[Site "Chess.com"]
[Date "2024.05.07"]
[Round "4"]
[White "jbking07"]
[Black "VD_coach"]
[Result "0-1"]
[WhiteElo "2394"]
[BlackElo "2597"]
[TimeControl "180+1"]
[EndTime "14:35:18 PDT"]
[Termination "VD_coach won by resignation"]

1. e4 c5 2. Nf3 d6 3. d4 cxd4 4. Nxd4 Nf6 5. Nc3 g6 6. f3 Nc6 7.
Be3 Bg7 8. Qd2 O-O 9. O-O-O Nxd4 10. Bxd4 Be6 11. Kb1 Qc7 12. g4 Rfc8 13. h4 Qa5 14. g5 Rxc3 15. Qxc3 Qxa2+ 16. Kc1 Rc8 17. Qa3 Qxa3 18. bxa3 Nh5 19. Bxg7 Kxg7 20. Bh3 Bxh3 21. Rxh3 Nf4 22. Rh2 Rc3 23. Rf2 Rxa3 24. Kb2 Ra5 25.
Rd4 h6 26. gxh6+ Kxh6 27. Rb4 b6 28. Rd2 Rc5 29. c4 Rh5 30. Rh2 Nd3+ 0-1

[Event "Late-Titled-Tuesday-Blitz-May-07-2024"]
[Site "Chess.com"]
[Date "2024.05.07"]
[Round "4"]
[White "Mischuk_D"]
[Black "yaguigor"]
[Result "1-0"]
[WhiteElo "2815"]
[BlackElo "2588"]
[TimeControl "180+1"]
[EndTime "14:35:38 PDT"]
[Termination "Mischuk_D won by resignation"]

1. d4 d5 2. c4 c6 3. Nc3 Nf6 4. e3 e6 5. a3 Nbd7 6. Nf3 Bd6 7. Bd2 O-O 8. Qc2 e5 9. dxe5 Nxe5 10. Nxe5 Bxe5 11.
cxd5 cxd5 12. Be2 d4 13. exd4 Qxd4 14. Be3 Qh4 15. g3 Qh3 16. O-O-O Bf5 17. Bd3 Bxd3 18. Rxd3 a6 19. Kb1 Rac8 20. Re1 Ne4 21. Bd2 Nxd2+ 22.
Qxd2 Bxc3 23. Rxc3 Rxc3 24. Qxc3 Qxh2 25. Qf3 b5 26.
Rh1 1-0

[Event "Late-Titled-Tuesday-Blitz-May-07-2024"]
[Site "Chess.com"]
[Date "2024.05.07"]
[Round "4"]
[White "Rital44"]
[Black "Gareth-Bale11"]
[Result "0-1"]
[WhiteElo "2714"]
[BlackElo "2895"]
[TimeControl "180+1"]
[EndTime "14:35:41 PDT"]
[Termination "Gareth-Bale11 won by resignation"]

1. e4 c5 2. Nf3 Nc6 3. d4 cxd4 4. Nxd4 Nf6 5. Nc3 Qb6 6. Nb3 e6 7. Be3 Qc7 8. Qf3 a6 9. O-O-O b5 10. g4 b4 11. Na4 Ne5 12. Qg3 Nxe4 13. Qf4 Bb7 14.
Bb6 Nd3+ 15. Bxd3 Qxf4+ 16. Kb1 Rc8 17. Be3 Qb8 18. Nb6 Be7 19. Nxd7 Qc7 20. f3 Qxd7 21. Bxe4 Bxe4 22. Rxd7 Bxc2+ 0-1

[Event "Late-Titled-Tuesday-Blitz-May-07-2024"]
[Site "Chess.com"]
[Date "2024.05.07"]
[Round "4"]
[White "lluiss"]
[Black "Matalon"]
[Result "1-0"]
[WhiteElo "2223"]
[BlackElo "2391"]
[TimeControl "180+1"]
[EndTime "14:35:46 PDT"]
[Termination "lluiss won by resignation"]

1. Nf3 Nf6 2. d4 g6 3. g3 Bg7 4. Bg2 O-O 5. O-O d6 6. c4 Nc6 7.
Nc3 Bg4 8. h3 Bxf3 9. Bxf3 Nd7 10. Bxc6 bxc6 11. e4 Rb8 12. Rb1 c5 13. Be3 cxd4 14.
Bxd4 Ne5 15. b3 c5 16. Bxe5 Bxe5 17. Nd5 e6 18. Ne3 Qa5 19. Qc2 Qb4 20. Rbd1 a5 21. Qd2 a4 22. Qxb4 Rxb4 23. Nc2 Rb7 24. f4 axb3 25. axb3 Bf6 26. Rxd6 Rb4 27. Nxb4 1-0

[Event "Late-Titled-Tuesday-Blitz-May-07-2024"]
[Site "Chess.com"]
[Date "2024.05.07"]
[Round "4"]
[White "Squirlolz"]
[Black "The_Machine04"]
[Result "0-1"]
[WhiteElo "2581"]
[BlackElo "2783"]
[TimeControl "180+1"]
[EndTime "14:35:47 PDT"]
[Termination "The_Machine04 won by resignation"]

1. a4 e5 2. Ra3 Bxa3 3. Nxa3 Nf6 4. b3 d5 5. Bb2 Nbd7 6. e3 O-O 7. Ne2 c6 8. g3 Re8 9. Bg2 e4 10.
O-O Ne5 11. Qa1 Nf3+ 12. Kh1 Nxd2 13. Rd1 Nf3 14. c4 Ng4 15. Rf1 Nfxh2 16. Bxg7 Nxf1 17.
Bxf1 f6 18. Nf4 Kxg7 19. cxd5 cxd5 20. Nb5 Re5 21. Nd4 Bd7 22. Kg1 Rc8 23. Bh3 Qc7 24.
Kg2 Qc1 25. Qa2 Qd1 26. Qa3 Rc1 27. Nh5+ Kf7 0-1

[Event "Late-Titled-Tuesday-Blitz-May-07-2024"]
[Site "Chess.com"]
[Date "2024.05.07"]
[Round "4"]
[White "ToddBryant"]
[Black "klifus"]
[Result "1-0"]
[WhiteElo "2384"]
[BlackElo "2172"]
[TimeControl "180+1"]
[EndTime "14:35:47 PDT"]
[Termination "ToddBryant won by checkmate"]

1. e4 c5 2. Nf3 d6 3. d4 cxd4 4. Nxd4 Nf6 5. Nc3 a6 6. Bg5 Nbd7 7. Qe2 b5 8. a3 Bb7 9. O-O-O Qc7 10. f4 e6 11. Kb1 Be7 12. Bh4 O-O 13. g4 Rfd8 14. g5 Ne8 15. Bh3 Nc5 16. Rhg1 g6 17. f5 e5 18.
fxg6 hxg6 19. Nf5 gxf5 20. exf5 Bf8 21. f6 d5 22. Qh5 d4 23. g6 Bg7 24. Qh7+ Kf8 25.
fxg7+ Nxg7 26. Qh8# 1-0

[Event "Late-Titled-Tuesday-Blitz-May-07-2024"]
[Site "Chess.com"]
[Date "2024.05.07"]
[Round "4"]
[White "Walter_White_Poland"]
[Black "GlavkonVVS"]
[Result "0-1"]
[WhiteElo "2425"]
[BlackElo "2679"]
[TimeControl "180+1"]
[EndTime "14:35:59 PDT"]
[Termination "GlavkonVVS won by resignation"]

1. e4 c5 2. Nf3 d6 3. d4 cxd4 4. Nxd4 Nf6 5. Nc3 a6 6. Bg5 e6 7. f4 Qb6 8. Qd3 Qxb2 9. Rb1 Qa3 10. f5 Be7 11. fxe6 fxe6 12. Be2 Qc5 13. Be3 Qa5 14. Bd2 Qc7 15. g4 Nc6 16. g5 Nxd4 17. Qxd4 e5 18. gxf6 exd4 19. fxg7 Bh4+ 20. Kd1 Qxg7 21.
Bh5+ Kd8 22. Nd5 Bg4+ 23. Bxg4 Qxg4+ 24. Kc1 Qxe4 25. Ba5+ b6 26. Bxb6+ Kd7 0-1

[Event "Late-Titled-Tuesday-Blitz-May-07-2024"]
[Site "Chess.com"]
[Date "2024.05.07"]
[Round "4"]
[White "Onischuk_V"]
[Black "gshwbedhkhd"]
[Result "1-0"]
[WhiteElo "2825"]
[BlackElo "2592"]
[TimeControl "180+1"]
[EndTime "14:36:01 PDT"]
[Termination "Onischuk_V won by resignation"]

1. e4 c5 2. Nf3 e6 3. b3 b6 4. Bb2 Bb7 5. Nc3 Nc6 6. g3 Nf6 7. Bg2 Be7 8. O-O d5 9. exd5 exd5 10. d4 O-O 11. Ne2 Ne4 12. dxc5 bxc5 13. Nf4 d4 14.
Re1 Nf6 15. Ne5 Rc8 16. c3 dxc3 17. Bxc3 Bd6 18. Rc1 Re8 19. Nxc6 Rxe1+ 20. Qxe1 Bxc6 21. Bxc6 Rxc6 22. Bxf6 Qxf6 23. Qe8+ Bf8 24. Nd5 Qg5 25. Ne7+ Qxe7 26. Qxc6 1-0

[Event "Late-Titled-Tuesday-Blitz-May-07-2024"]
[Site "Chess.com"]
[Date "2024.05.07"]
[Round "4"]
[White "maciek_92"]
[Black "MusicCityMaster"]
[Result "0-1"]
[WhiteElo "2806"]
[BlackElo "2458"]
[TimeControl "180+1"]
[EndTime "14:36:12 PDT"]
[Termination "MusicCityMaster won by resignation"]

1. c4 e5 2. Nc3 Nc6 3. g3 f5 4.
Bg2 Nf6 5. e3 d5 6. Nge2 d4 7.
Nd5 Bc5 8. O-O O-O 9. b4 Nxb4 10. exd4 exd4 11. Nxb4 Bxb4 12. d3 c6 13. Rb1 a5 14.
Bb2 Bc5 15. Qd2 Kh8 16. a3 Qd6 17. Rbe1 Bd7 18. Qc1 Rae8 19. Qa1 Ng4 20. Nxd4 f4 21. h3 fxg3 22. hxg4 Rxe1 23. Qxe1 Bxd4 24. Bxd4 Qxd4 25. Qe7 gxf2+ 26. Kh1 Qf4 27. Be4 Bxg4 28. Kg2 Be2 29. Qxf8+ Qxf8 30. Rxf2 Qxa3 31. Rxe2 g6 32. d4 Qc3 33. c5 Qxd4 0-1

[Event "Late-Titled-Tuesday-Blitz-May-07-2024"]
[Site "Chess.com"]
[Date "2024.05.07"]
[Round "4"]
[White "PenguinPacks"]
[Black "jinxy2009"]
[Result "0-1"]
[WhiteElo "2481"]
[BlackElo "2282"]
[TimeControl "180+1"]
[EndTime "14:36:22 PDT"]
[Termination "jinxy2009 won by resignation"]

1. e4 c5 2. Nf3 Nc6 3. Bb5 e6 4. O-O Nge7 5. Re1 a6 6. Bf1 Ng6 7. c3 Be7 8. d4 cxd4 9. cxd4 d5 10. Nc3 O-O 11. e5 f6 12. Bd3 Bd7 13. a3 fxe5 14. Bxg6 hxg6 15. dxe5 Be8 16. Nd4 Nxd4 17. Qxd4 g5 18.
Be3 Rc8 19. Red1 Bh5 20. f3 Bc5 21. Qd2 Qb6 22. Bxc5 Qxc5+ 23. Kh1 Rxf3 24. Qxg5 Rf5 25. Qh4 Bxd1 26. Rxd1 Rxe5 27. Qg4 Rf8 28. h3 Qf2 29. Rg1 Re1 30. Rxe1 Qxe1+ 31. Kh2 Qe5+ 32. Kg1 Qe3+ 33. Kh1 Rf1+ 34. Kh2 Qe1 0-1

[Event "Late-Titled-Tuesday-Blitz-May-07-2024"]
[Site "Chess.com"]
[Date "2024.05.07"]
[Round "4"]
[White "Hikaru"]
[Black "MrKGG1"]
[Result "1-0"]
[WhiteElo "3213"]
[BlackElo "2715"]
[TimeControl "180+1"]
[EndTime "14:36:31 PDT"]
[Termination "Hikaru won by resignation"]

1. a4 Nf6 2. Ra3 e5 3. Rg3 Nc6 4. c3 Ne4 5. Re3 d5 6. d3 Nf6 7.
d4 e4 8. Rg3 g6 9. c4 dxc4 10.
Bg5 h6 11. Bxf6 Qxf6 12. e3 Bd6 13. Bxc4 Bxg3 14. hxg3 Qe7 15. Nc3 Nb4 16. Qb3 a5 17.
Nge2 g5 18. d5 Bd7 19. Nd4 c5 20. Ndb5 Bxb5 21. Nxb5 O-O-O 22. d6 Rxd6 23. Nxd6+ Qxd6 24. O-O h5 25. Rd1 Qc7 26. Bxf7 h4 27. Qe6+ Kb8 28. Rd7 Rh6 29. Qe8+ Qc8 30. Rd8 Rc6 1-0

[Event "Late-Titled-Tuesday-Blitz-May-07-2024"]
[Site "Chess.com"]
[Date "2024.05.07"]
[Round "4"]
[White "Mikhal867"]
[Black "AreYouTokkieToMe"]
[Result "1-0"]
[WhiteElo "2523"]
[BlackElo "2312"]
[TimeControl "180+1"]
[EndTime "14:36:33 PDT"]
[Termination "Mikhal867 won by resignation"]

1. d4 f5 2. Bg5 h6 3. Bf4 Nf6 4. Nc3 d6 5. h4 g6 6. h5 g5 7. Bg3 Bg7 8. e3 Be6 9. d5 Bd7 10. Nf3 c6 11. Bc4 Qa5 12. dxc6 Nxc6 13. Qd2 Ne4 14. Nxe4 fxe4 15. Qxa5 Nxa5 16. Nd2 Bxb2 17.
Rb1 Bc3 18. Bd5 O-O-O 19. Ke2 a6 20. Nxe4 Bb5+ 21. Rxb5 axb5 22. Nxc3 1-0

[Event "Late-Titled-Tuesday-Blitz-May-07-2024"]
[Site "Chess.com"]
[Date "2024.05.07"]
[Round "4"]
[White "Hasangatin_Ramil"]
[Black "Eloist"]
[Result "1-0"]
[WhiteElo "2673"]
[BlackElo "2410"]
[TimeControl "180+1"]
[EndTime "14:36:42 PDT"]
[Termination "Hasangatin_Ramil won by resignation"]

1. e4 e6 2. d3 d5 3. Qe2 dxe4 4. dxe4 b6 5. Nf3 Ba6 6. Qd2 Qxd2+ 7. Nbxd2 Bxf1 8.
Nxf1 Nc6 9. c3 a5 10. a4 Bd6 11. Ne3 Nf6 12. Nd2 O-O-O 13. g3 Ne5 14. Ke2 g5 15.
f3 h5 16. Nec4 h4 17. g4 Ng6 18. Nxd6+ cxd6 19. Nc4 d5 20. Nxb6+ Kc7 21. Bxg5 Kxb6 22.
Bxf6 dxe4 23. fxe4 Nf4+ 24. Kf3 1-0

[Event "Late-Titled-Tuesday-Blitz-May-07-2024"]
[Site "Chess.com"]
[Date "2024.05.07"]
[Round "4"]
[White "DonMicheleCorleone"]
[Black "PawnEatingZombie"]
[Result "1-0"]
[WhiteElo "2507"]
[BlackElo "2258"]
[TimeControl "180+1"]
[EndTime "14:36:42 PDT"]
[Termination "DonMicheleCorleone won on time"]

1. e4 c5 2. Nc3 Nc6 3. Nf3 e5 4. Bc4 Be7 5. d3 Nf6 6. Ng5 O-O 7. f4 d6 8. O-O Nd4 9. fxe5 dxe5 10. h3 h6 11. Nf3 Be6 12. Nxe5 Bxc4 13. Nxc4 b5 14. Ne3 Bd6 15. Nf5 Bc7 16. Nxh6+ gxh6 17. Bxh6 Ne6 18. Bxf8 Qd4+ 19. Kh1 Qe5 20. g3 Kxf8 21. Qf3 Kg7 22. Nd5 Bd8 23. Nxf6 Bxf6 24. Qg4+ Kf8 25. Rf5 Qxb2 26. Raf1 Ke7 27. Qf3 1-0

[Event "Late-Titled-Tuesday-Blitz-May-07-2024"]
[Site "Chess.com"]
[Date "2024.05.07"]
[Round "4"]
[White "TheoSlade"]
[Black "VictorFcQNK"]
[Result "1-0"]
[WhiteElo "2465"]
[BlackElo "2107"]
[TimeControl "180+1"]
[EndTime "14:36:45 PDT"]
[Termination "TheoSlade won on time"]

1. d4 Nf6 2. c4 e6 3. g3 c5 4. d5 exd5 5. cxd5 d6 6. Nc3 Be7 7. Bg2 O-O 8. Nf3 Na6 9. O-O Nc7 10. a4 b6 11. Nd2 a6 12. Nc4 Rb8 13. e4 Re8 14. e5 dxe5 15. d6 Be6 16. dxc7 Qxc7 17.
Qe2 Bg4 18. Qxe5 Qxe5 19. Nxe5 Bf5 20. Nc6 Rbc8 21. Nxe7+ Rxe7 22. Bg5 h6 23. Bxf6 gxf6 24. Rfe1 Rd7 25. Rad1 Rcd8 26. Rxd7 Rxd7 27. Rd1 Re7 28. Kf1 Be6 29. Nd5 1-0

[Event "Late-Titled-Tuesday-Blitz-May-07-2024"]
[Site "Chess.com"]
[Date "2024.05.07"]
[Round "4"]
[White "HeroWilczek"]
[Black "Onthequiet"]
[Result "0-1"]
[WhiteElo "2535"]
[BlackElo "2402"]
[TimeControl "180+1"]
[EndTime "14:36:50 PDT"]
[Termination "Onthequiet won by resignation"]

1. e4 c6 2. b3 d5 3. exd5 cxd5 4. Bb2 Nf6 5. Nf3 e6 6. Bb5+ Bd7 7. Qe2 Bxb5 8. Qxb5+ Qd7 9. Qe2 Be7 10. O-O Nc6 11. a4 Rc8 12. Na3 a6 13. Rfe1 O-O 14. h3 Ne4 15. d3 Bf6 16. Bxf6 Nxf6 17. Rac1 Qd6 18. Nb1 Qb4 19. Qd2 Rc7 20. Qxb4 Nxb4 21. Re2 Nxd3 22. Rd1 Nb4 23. c3 Nc6 24. Ne5 Rfc8 25.
f3 g6 26. Kf2 h5 27. g4 Kg7 28. g5 Ng8 29. h4 Nxe5 30. Rxe5 Ne7 31. Kg3 Nf5+ 32. Kh3 Rxc3 33. Nxc3 Rxc3 34. b4 Rxf3+ 35. Kg2 Nxh4+ 36. Kh2 Rb3 0-1